 Dungeon Crawl Stone Soup version 0.22.0-38-g04b72b8 (webtiles) character file.

99 jerryfan the Chopper (level 4, -2/34 HPs)
             Began as a Demonspawn Gladiator on Aug 30, 2018.
             Slain by an orc priest
             ... wielding a +0 falchion
              (4 damage)
             ... on level 3 of the Dungeon.
             The game lasted 00:08:03 (1955 turns).

jerryfan the Chopper (Demonspawn Gladiator)         Turns: 1955, Time: 00:08:04

Health: -2/34      AC:  9    Str: 15    XL:     4   Next: 45%
Magic:  4/4        EV: 12    Int:  9    God:
Gold:   75         SH:  0    Dex: 15    Spells: 3/3 levels left

rFire    . . .     SeeInvis .   a - +0 war axe
rCold    . . .     Gourm    .   (no shield)
rNeg     + + .     Faith    .   o - +0 ring mail
rPois    .         Spirit   .   c - +0 helmet
rElec    .         Reflect  .   (no cloak)
rCorr    .         Harm     .   (no gloves)
MR       .....                  (no boots)
Stlth    +.........             (no amulet)
HPRegen  0.11/turn              h - ring of positive energy
MPRegen  0.09/turn              p - ring of positive energy

@: no status effects
A: thin metallic scales 2
a: no special abilities


You were on level 3 of the Dungeon.
You were not hungry.

You visited 1 branch of the dungeon, and saw 3 of its levels.

You collected 75 gold pieces.

Inventory:

Hand Weapons
 a - a +0 war axe (weapon)
 l - a +0 hunting sling
Missiles
 q - 17 sling bullets
Armour
 b - a +0 leather armour
 c - a +0 helmet (worn)
 d - a cursed +0 scale mail
 o - a +0 ring mail (worn)
Jewellery
 h - a ring of positive energy (left hand)
 p - a ring of positive energy (right hand)
Scrolls
 e - 2 scrolls of identify {unknown}
 j - a scroll of enchant armour {unknown}
 k - a scroll of amnesia {unknown}
 m - 2 scrolls of fog {unknown}
 n - 2 scrolls of remove curse {unknown}
Potions
 i - 2 potions of lignification {unknown}
 r - a potion of berserk rage {unknown}
 s - a potion of haste
Comestibles
 f - 3 rations
 g - 2 chunks of flesh


   Skills:
 + Level 2.5 Fighting
 * Level 3.5 Axes
 + Level 2.4 Throwing
 + Level 1.1 Armour
 + Level 3.1 Dodging


You had 3 spell levels left.
You didn't know any spells.
Your spell library was empty.

Dungeon Overview and Level Annotations

Branches:
Dungeon (3/15)

Altars:


Innate Abilities, Weirdness & Mutations

You are mostly covered in thin metallic scales. (AC +3)


Message History

The orc wizard blinks!
The orc priest hits you but does no damage.
You closely miss the orc priest.
The orc priest is heavily wounded.
You closely miss the adder. The adder closely misses you.
The orc priest closely misses you. The adder closely misses you.
You barely miss the orc priest.
The orc priest is heavily wounded.
You hit the adder. The adder barely misses you.
The orc priest hits you but does no damage.
The adder misses you.
You closely miss the orc priest.
The orc priest is heavily wounded.
You barely miss the adder.
The orc priest calls down the wrath of Beogh upon you.
Beogh smites you!
* * * LOW HITPOINT WARNING * * *
The adder closely misses you.
The orc priest hits you with a falchion.
You die...

#.#
#####...##.###.#.
#.# ##.###.# #.#.
#.# #.# #.###<#.
#####.##### #.#
#.......
#.........#
#+#######.#.
#.###.###.#
#...## #..... #.#
#.# #.....#
#.#.#. ##.#
#.##.......
#.#.#.
##...##@#........
# #...
.......oS........
....
##...##.#........
#... ##.
#.##....... #...
.. ..# #.....# ##
#### #...## #+##


You could see an orc priest and an adder.

Vanquished Creatures
  Terence (D:2)
  2 adders (D:2)
  An ooze (D:2)
  A dart slug (D:2)
  2 worms (D:2)
  2 leopard geckos
  A ball python (D:1)
  4 bats
  2 giant cockroaches (D:2)
  8 goblins
  5 hobgoblins
  4 kobolds
  A frilled lizard (D:1)
  8 rats
42 creatures vanquished.

Notes
Turn   | Place    | Note
-------+----------+-------------------------------------------
     0 | D:1      | jerryfan the Demonspawn Gladiator began the quest for the Orb.
     0 | D:1      | Reached XP level 1. HP: 16/16 MP: 1/1
   269 | D:1      | Gained mutation: You are partially covered in thin metallic scales. (AC +2) [demonic ancestry]
   269 | D:1      | Reached XP level 2. HP: 21/22 MP: 2/2
   992 | D:2      | Reached XP level 3. HP: 27/27 MP: 3/3
  1085 | D:2      | Noticed Terence
  1104 | D:2      | Killed Terence
  1104 | D:2      | Reached skill level 1 in Armour
  1106 | D:2      | Gained mutation: You are mostly covered in thin metallic scales. (AC +3) [demonic ancestry]
  1106 | D:2      | Reached XP level 4. HP: 23/34 MP: 4/4
  1955 | D:3      | Slain by an orc priest

Skill      XL: |  1  2  3 |
---------------+----------+-----
Throwing       | 2 |  2.4
Axes           | 3 |  3.5
Armour         | 1 |  1.1
Dodging        | 3 |  3.1
Fighting       | |  2.5

Action                   |  1- 3 |  4- 6 || total
-------------------------+-------+-------++-------
Melee: War axe           |    57 |    71 ||   128
 Fire: Hunting sling     |       |     8 ||     8
Throw: Throwing net      |     3 |       ||     3
  Eat: Chunk             |     1 |     2 ||     3
Armor: Leather armour    |    21 |       ||    21
       Ring mail         |     2 |    30 ||    32
Dodge: Dodged            |    32 |    48 ||    80
